 Dungeon Crawl Stone Soup version 0.31-a0-1336-g7fd7ca34b5 (webtiles) character file.

Game seed: 8009175297389038877

738 senseless the Trooper (level 7, -1/117 HPs)
             Began as an Oni Berserker on Dec 21, 2023.
             Was a Priest of Trog.
             Slain by Duvessa
             ... wielding a +0 rapier
              (9 damage)
             ... on level 4 of the Dungeon.
             The game lasted 00:08:12 (3291 turns).

senseless the Trooper (Oni Berserker)               Turns: 3291, Time: 00:08:12

Health: -1/117     AC: 23    Str: 24    XL:     7   Next: 75%
Magic:  7/7        EV:  1    Int: 14    God:    Trog [***...]
Gold:   125        SH:  0    Dex:  8    Spells: 6/6 levels left

rFire   . . .        q - +0 mace (protect)
rCold   . . .        (no shield)
rNeg    . . .        b - melded +0 animal skin
rPois   +            (helmet currently unavailable)
rElec   .            n - melded +1 cloak {Stlth+}
rCorr   .            (gloves unavailable)
SInv    .            (boots unavailable)
Will    .....        (no amulet)
Stlth   +            s - +6 ring of intelligence
HPRegen 0.39/turn    (no ring)
MPRegen 0.10/turn

%: no passive effects
@: mighty, tree-form, on berserk cooldown, slowed, very slow
A: stationary, stasis, torment immunity, boosted hp, drunken brawling, large,
unfitting armour, (horns 1), (tough skin 1), double potion healing
a: Renounce Religion, Berserk, Trog's Hand


You were on level 4 of the Dungeon.
You worshipped Trog.
Trog was most pleased with you.
You were a tree.
You visited 1 branch of the dungeon, and saw 4 of its levels.

You collected 227 gold pieces.
You spent 102 gold pieces at shops.

Inventory:

Hand Weapons
 a - a +0 mace
 c - a +0 mace of holy wrath
 o - a +3 quarterstaff of chaos
 p - a +0 broad axe
 q - a +0 mace of protection (weapon)
Missiles
 j - 6 atropa-tipped darts
Armour
 b - a +0 animal skin (melded)
 h - a +0 cloak of poison resistance
 n - a +1 cloak of stealth (melded)
Jewellery
 k - a ring of fire
 s - a +6 ring of intelligence (left branch)
Wands
 l - a wand of roots (12)
Scrolls
 f - a scroll of poison
 i - a scroll of teleportation
Potions
 g - a potion of brilliance {unknown}
 m - a potion of ambrosia {unknown}
 r - 2 potions of mutation
 t - a potion of heal wounds {unknown}


   Skills:
 * Level 7.1 Fighting
 * Level 5.3 Maces & Flails
 + Level 2.7 Throwing
 * Level 4.8 Dodging


You had 6 spell levels left.
You didn't know any spells.
Your spell library contained the following spells:

 Spells                   Type           Power      Damage    Failure   Level
 Cigotuvi's Dreadful Rot  Necr/Alch/Air  0%         N/A       41%         2
 Sublimation of Blood     Necr           0%         N/A       41%         2
 Vampiric Draining        Necr           0%         2d6       65%         3
 Simulacrum               Ice/Necr       0%         N/A       100%        6


Dungeon Overview and Level Annotations

Branches:
Dungeon (4/15)
 Temple: D:4-7

Altars:
Fedhas
Vehumet

Shops:
D:1 [

Annotations:
D:3 1 runed translucent door
D:4 Duvessa


Innate Abilities, Weirdness & Mutations

You are a tree.
Your roots penetrate the ground, keeping you stationary.
You cannot be teleported.
You are immune to unholy pain and torment.
Your maximum health is greatly increased.
Your equipment is partially melded.
Whenever you drink a potion that restores your health or magic, you attack all enemies around you.
You are too large for most types of armour.
((You have a pair of small horns on your head.))
((You have tough skin. (AC +1)))
Whenever you drink a potion that restores your health or magic, it restores twice as much.


Message History

Duvessa hits you with a +0 rapier!
You hit Duvessa.
Duvessa is lightly wounded.
The endoplasm hits you but does no damage.
Duvessa hits you with a +0 rapier!
You barely miss Duvessa. You headbutt Duvessa, but do no damage.
Duvessa is lightly wounded.
You are no longer berserk.
You are exhausted.
You feel yourself slow down. Duvessa hits you with a +0 rapier!!
The endoplasm hits you but does no damage.
You are too injured to fight recklessly!
You are too injured to fight recklessly!
You hit Duvessa but do no damage.
Duvessa is lightly wounded.
Duvessa hits you with a +0 rapier!
* * * LOW HITPOINT WARNING * * *
The endoplasm freezes you.
You are frozen.
* * * LOW HITPOINT WARNING * * *
Duvessa barely misses you.
You turn into a tree.
Your +1 cloak of stealth melds into your body.
Your +0 animal skin melds into your body.
You feel less stealthy.
Your roots penetrate the ground.
Duvessa hits you but does no damage.
The endoplasm hits you but does no damage.
Duvessa hits you with a +0 rapier!
* * * LOW HITPOINT WARNING * * *
The endoplasm hits you but does no damage.
Duvessa barely misses you.
You feel very mighty all of a sudden. Duvessa hits you but does no damage.
The endoplasm hits you but does no damage.
Duvessa hits you with a +0 rapier.
* * * LOW HITPOINT WARNING * * *
You barely miss Duvessa.
Duvessa is lightly wounded.
Duvessa hits you with a +0 rapier!
You die...

##..................
##..............##..
#####...................
...............######..
...........#### ####
##.........# #...
#........$.# ....>.#
##..J......#.. ###...#
#...)♣....(...# ##.#.#
#.......e......###......
#.....!...###.###.......
..............#....##...
........##..............
#.......# ##............
##......# #.......#...
...!...# #......##...
###.......#...


You could see Duvessa (berserk) and an endoplasm.

Vanquished Creatures
  A black bear (D:4)
  A phantom (D:4)
  A scorpion (D:4)
  Dowan (D:4)
  The ghost of Arminio00 the Shooter, a weakling SpHu (D:3)
  3 orc priests
  A jelly (D:4)
  A hound (D:4)
  Crazy Yiuf (D:2)
  A sleepcap (D:4)
  Jessica (D:3)
  An iguana (D:4)
  Ijyb (D:3)
  A gnoll (D:1)
  4 adders
  A bombardier beetle (D:4)
  2 worms
  2 dart slugs
  9 orcs
  5 endoplasms
  4 giant cockroaches
  12 goblins
  7 hobgoblins
  5 jackals (D:3)
  5 quokkas
  9 ball pythons
  4 bats
  10 frilled lizards
  4 rats
99 creatures vanquished.

Notes
Turn   | Place    | Note
-------+----------+-------------------------------------------
     0 | D:1      | senseless the Oni Berserker began the quest for the Orb.
     0 | D:1      | Reached XP level 1. HP: 24/24 MP: 1/1
   100 | D:1      | Gained mutation: Whenever you drink a potion that restores
                  | your health or magic, it restores twice as much. [Oni
                  | growth]
   100 | D:1      | Gained mutation: You have a pair of small horns on your
                  | head. [Oni growth]
   100 | D:1      | Gained mutation: You have tough skin. (AC +1) [Oni growth]
   100 | D:1      | Reached XP level 2. HP: 8/32 MP: 2/2
   390 | D:1      | Found Ziedgh's Armour Emporium.
   619 | D:1      | Reached XP level 3. HP: 20/40 MP: 3/3
   777 | D:1      | Got Ropn's Compendium of Zombies
   813 | D:1      | Reached ** piety under Trog
   827 | D:1      | Found a faded altar of an unknown god.
  1054 | D:1      | Bought a +0 cloak of poison resistance for 102 gold pieces
  1082 | D:2      | Found a blossoming altar of Fedhas.
  1294 | D:2      | Found a runed translucent door.
  1295 | D:2      | Noticed Crazy Yiuf
  1476 | D:2      | Reached XP level 4. HP: 49/49 MP: 4/4
  1759 | D:2      | Killed Crazy Yiuf
  1760 | D:2      | Reached skill level 5 in Fighting
  1860 | D:3      | Reached XP level 5. HP: 57/57 MP: 5/5
  1896 | D:3      | Reached skill level 1 in Throwing
  1928 | D:3      | Found a radiant altar of Vehumet.
  2100 | D:3      | Noticed Ijyb
  2115 | D:3      | Killed Ijyb
  2418 | D:3      | Noticed Jessica
  2422 | D:3      | Killed Jessica
  2423 | D:3      | Reached XP level 6. HP: 58/67 MP: 6/6
  2539 | D:3      | Found a runed translucent door.
  2551 | D:3      | Found a runed translucent door.
  2643 | D:3      | Noticed Arminio00's ghost (weakling SpHu)
  2654 | D:3      | Killed Arminio00's ghost
  2655 | D:3      | Reached skill level 6 in Fighting
  3063 | D:4      | Reached XP level 7. HP: 50/76 MP: 7/7
  3260 | D:4      | Reached *** piety under Trog
  3268 | D:4      | Noticed Dowan
  3272 | D:4      | Noticed Duvessa
  3277 | D:4      | Reached skill level 5 in Maces & Flails
  3282 | D:4      | Killed Dowan
  3285 | D:4      | Reached skill level 7 in Fighting
  3291 | D:4      | Slain by Duvessa

Illustrated notes

Levels and vault maps discovered:
D:1:      zaba_arrival_water, layout_basic, ebering_ecumenical_altar_hall,
          serial_shops, shop
D:2:      layout_rooms, basic_altar, grunt_ministairs_11, minivault_5,
          kennysheep_flooded_box, chequers_serial_rivers_micro_d,
          minmay_pentomino_q4, uniq_crazy_yiuf_cottage
D:3:      kennysheep_goblin_castle, layout_rooms, nicolae_vehumet_radiance,
          ebering_ghost_sewer_f, corexii_item_surrounded_by_moat, uniq_jessica
D:4:      layout_cave_pools, lemuel_tele_altar, nicolae_overflow_crystal_walls,
          uniq_duvessa

Skill      XL: |  1  2  3  4  5  6  7 |
---------------+----------------------+-----
Dodging        | 3 4 |  4.8
Fighting       | 5 6 7 |  7.1
Throwing       | 1 2 |  2.7
Maces & Flails | 4 5 |  5.3

Action                     |  1- 3 |  4- 6 |  7- 9 || total
---------------------------+-------+-------+-------++-------
  Melee: Mace              |    96 |   170 |    38 ||   304
         Headbutt          |     5 |    23 |    10 ||    38
         Punch             |       |     1 |       ||     1
 Invoke: Berserk           |     1 |     7 |     1 ||     9
    Use: Scroll            |       |     8 |       ||     8
         Potion            |       |       |     2 ||     2
   Stab: Sleeping          |       |     3 |       ||     3
 Armour: Animal skin       |    90 |   149 |    43 ||   282
         Skin              |       |       |     8 ||     8
  Dodge: Dodged            |    75 |   110 |    22 ||   207

Table legend: (Time is in decaauts)
 A = Elapsed time spent in this place.
 B = Non-inter-level travel time spent in this place.
 C = Inter-level travel time spent in this place.
 D = Time resting spent in this place.
 E = Time spent auto-exploring this place.
 F = Levels seen in this place.
 G = Mean time per level.
                   A        B        C        D        E       F      G
               +--------+--------+--------+--------+--------+-----+--------+
         Total |   3420 |   3302 |    118 |    238 |   2345 |   4 |  855.0 |
       Dungeon |   3420 |   3302 |    118 |    238 |   2345 |   4 |  855.0 |
               +--------+--------+--------+--------+--------+-----+--------+

Top non-repeatable levels by time:
     D:3: 1053 daAuts
     D:1: 1040 daAuts
     D:2: 830 daAuts
     D:4: 496 daAuts
